 Dungeon Crawl Stone Soup version 0.24.0-41-g2ae2f7f1be (webtiles) character file.

Game seed: 7922538340139620123, levelgen mode: deterministic

15 Gwanngwann the Grave Robber (level 2, -1/20 HPs)
             Began as a Ghoul Necromancer on Dec 13, 2019.
             Slain by a goblin
             ... wielding a +0 club
              (2 damage)
             ... on level 1 of the Dungeon.
             The game lasted 00:02:53 (217 turns).

Gwanngwann the Grave Robber (Ghoul Necromancer)      Turns: 217, Time: 00:02:54

Health: -1/20      AC:  2    Str: 11    XL:     2   Next: 50%
Magic:  2/4        EV: 12    Int: 10    God:
Gold:   16         SH:  0    Dex:  9    Spells: 4/5 levels left

rFire    . . .     SeeInvis .   b - +2 dagger (venom)
rCold    + . .     Gourm    .   (no shield)
rNeg     + + +     Faith    .   a - +0 robe
rPois    ∞         Spirit   .   (no helmet)
rElec    .         Reflect  .   (no cloak)
rCorr    .         Harm     .   (no gloves)
MR       .....                  (no boots)
Stlth    ++........             (no amulet)
HPRegen  0.00/turn              (no ring)
MPRegen  0.09/turn              (no ring)

@: rotting
A: rotting body, claws 1, carnivore, cold resistance 1, negative energy
resistance 3, inhibited regeneration, torment resistance, unbreathing
a: no special abilities


You were on level 1 of the Dungeon.
You were not hungry.

You visited 1 branch of the dungeon, and saw 1 of its levels.

You collected 16 gold pieces.

Inventory:

Hand Weapons
 b - a +2 dagger of venom (weapon)
Armour
 a - a +0 robe (worn)
 e - a cursed +0 ring mail
Scrolls
 f - a scroll of fear {unknown}
 g - a scroll of remove curse {unknown}
Potions
 d - a potion of might {unknown}
Comestibles
 c - 2 rations


   Skills:
 + Level 0.1 Short Blades
 + Level 2.1 Dodging
 + Level 2.1 Stealth
 + Level 2.0 Spellcasting
 + Level 4.2 Necromancy


You had 4 spell levels left.
You knew the following spells:

 Your Spells              Type           Power        Failure   Level  Hunger
a - Pain                  Necr           #...         5%          1    ##.....

Your spell library contained the following spells:

 Spells                   Type           Power        Failure   Level  Hunger
 Animate Skeleton         Necr           N/A          5%          1    ##.....
 Vampiric Draining        Necr           #.........   16%         3    ####...
 Regeneration             Chrm/Necr      #.........   36%         3    ####...
 Animate Dead             Necr           N/A          47%         4    #####..


Dungeon Overview and Level Annotations

Branches:
Dungeon (1/15)

Altars:


Innate Abilities, Weirdness & Mutations

Your body is rotting away.
You thrive on raw meat.
You are immune to poison.
You have sharp fingernails.
You are carnivorous and can eat meat at any time.
Your flesh is cold resistant. (rC+)
You are immune to negative energy. (rN+++)
You do not regenerate when monsters are visible.
You are immune to unholy pain and torment.
You can survive without breathing.


Message History

You closely miss the hobgoblin. The frilled lizard bites you.
The hobgoblin hits you with a +0 club!
* * * LOW HITPOINT WARNING * * *
You hit the hobgoblin.
The hobgoblin is poisoned.
The hobgoblin is almost dead.
You kill the hobgoblin!
Your Spellcasting skill increases to level 2!
The frilled lizard bites you.
* * * LOW HITPOINT WARNING * * *
You see here a +0 club.
You hit the frilled lizard.
You kill the frilled lizard!
You see here a frilled lizard corpse.
Casting: Pain (safe; 5% risk of failure)
Confirm with . or Enter, or press ? or * to list all spells.
Aiming: Pain (safe; 5% risk of failure)
Press: ? - help, Shift-Dir - straight line, f - goblin
Aim: a goblin, wielding a +0 club (chance to defeat MR: 76%)
The goblin barely resists.
The goblin hits you with a +0 club.
You die...

.# # . .#. ...
### ### #.#
#.. ..# ..#
##.# #.#
#.###.######.#
#g#.........#
#@.########.#
#.## #.# #.#
#.# #.# #.# .
. ..# #.# . #
.# ### #.#
.#.# . #.#
..#.##.# #.#
#.##.#.
.######.######


You could see a goblin.

Vanquished Creatures
  An ooze (D:1)
  A bat (D:1)
  2 giant cockroaches (D:1)
  A goblin (D:1)
  2 hobgoblins (D:1)
  A frilled lizard (D:1)
  2 kobolds (D:1)
10 creatures vanquished.

Notes
Turn   | Place    | Note
-------+----------+-------------------------------------------
     0 | D:1      | Gwanngwann the Ghoul Necromancer began the quest for the
                  | Orb.
     0 | D:1      | Reached XP level 1. HP: 14/14 MP: 2/2
   115 | D:1      | Reached XP level 2. HP: 2/20 MP: 1/3
   213 | D:1      | HP: 1/20 [frilled lizard (1)]
   217 | D:1      | Slain by a goblin

Levels and vault maps discovered:
D:1:      minmay_arrival_semitransparent, layout_loops_ring,
          chequers_serial_rivers_micro_a, serial_bayou_crossing

Skill      XL: |  1  2 |
---------------+-------+-----
Dodging        | 2 |  2.1
Spellcasting   | 2 |  2.0
Short Blades   | |  0.1
Stealth        | |  2.1
Necromancy     | |  4.2

Action                   || total
-------------------------++-------
Melee: Dagger            ||    17
       Unarmed           ||    10
 Cast: Pain              ||     5
  Eat: Chunk             ||     3
Armor: Robe              ||     4
Dodge: Dodged            ||    14
